Cogmind - Beta 15 @@@ ROGUE MODE // 2025.08.25 @ 15:36:07 Player: Aleph Result: Destroyed by Y-45 Defender with Heavy Assault Rifle Performance ------------- Evolutions (1) 500 Regions Visited (2) 400 Robots Destroyed (41) 205 Value Destroyed (798) 798 Prototype IDs (0) 0 Alien Tech Used (0) 0 Bonus (28) 28 TOTAL SCORE: 1931 Bonus ------- High Alert Combat Kills 28 Cogmind --------- Core Integrity 0/400 Matter 270/500 Energy 94/100 System Corruption 0% Temperature Cool (9) Movement Treading (240) Ox1 Location -9/Materials Parts ------- > --- POWER (1) -------- (None) > --- PROPULSION (2) --- Light Treads > --- UTILITY (4) ------ Large Storage Unit High-capacity Matter Pod Terrain Scan Processor > --- WEAPON (2) ------- Great Maul Great Maul > --- INVENTORY (15) --- Cooled Ion Engine Deuterium Engine Deuterium Engine Deuterium Engine Target Analyzer Small Laser Peak State ------------ > --- POWER ------------ Deuterium Engine > --- PROPULSION ------- Wheel Wheel > --- UTILITY ---------- Large Storage Unit Terrain Scan Processor Targeting Computer Weapon Shielding > --- WEAPON ----------- Grenade Launcher Rocket Launcher > --- INVENTORY -------- Deuterium Engine Deuterium Engine Deuterium Engine Light Treads Light Treads High-capacity Matter Pod EM Shotgun Small Laser Small Laser [Rating: 14] Favorites ----------- Power Light Ion Engine Engine Light Ion Engine Propulsion Wheel Treads Light Treads Wheel Wheel Utility Small Storage Unit Device ECM Suite Storage Small Storage Unit Processor Targeting Computer Protection Weapon Shielding Weapon Grenade Launcher Energy Gun Small Laser Launcher Grenade Launcher Impact Weapon Great Maul Build | -11 -10 -9 ------- Run | Yrd Mat Mat Slots Evolved 2 | . . 2 Power . | . . . Propulsion . | . . . Utility 2 | . . 2 Weapon . | . . . Parts Attached 21 | 6 4 11 Power 2 | 1 . 1 Engine 2 | 1 . 1 Core . | . . . Reactor . | . . . Propulsion 4 | 2 . 2 Treads 2 | . . 2 Leg . | . . . Wheel 2 | 2 . . Hover . | . . . Flight . | . . . Utility 7 | 1 2 4 Device 1 | . 1 . Storage 3 | 1 1 1 Processor 2 | . . 2 Hackware . | . . . Protection 1 | . . 1 Artifact . | . . . Weapon 8 | 2 2 4 Energy Gun 3 | 2 . 1 Energy Cannon . | . . . Ballistic Gun . | . . . Ballistic Cannon . | . . . Launcher 3 | . 2 1 Special Weapon . | . . . Impact Weapon 2 | . . 2 Slashing Weapon . | . . . Piercing Weapon . | . . . Special Melee Weapon . | . . . Unidentified Prototypes . | . . . Parts Lost 13 | . . 13 Power 2 | . . 2 Propulsion 3 | . . 3 Utility 3 | . . 3 Weapon 5 | . . 5 Highest Loss Streak 9 | . . 9 To Critical Strikes . | . . . Average Backups 5 | 2 6 7 Power . | . . 1 Propulsion 1 | 1 2 1 Utility 1 | . 1 1 Weapon 1 | . 2 2 Tool/Special . | . . . Unused Backups 7 | . 2 5 Power 4 | . . 4 Propulsion . | . . . Utility 2 | . 1 1 Weapon 1 | . 1 . Tool/Special . | . . . Average Slot Usage (%) 89 | . 98 84 Engine 9 | . 14 7 Wheel 21 | . 28 17 Device 8 | . 12 5 Storage 12 | . 14 12 Processor 7 | . . 11 Protection 5 | . . 7 Energy Gun 3 | . 3 3 Launcher 18 | . 24 16 Peak Build Rating 14 | 6 7 14 Average Rating 7 | 5 6 9 On Entrance 4 | . 6 7 Naked Turns . | . . . Heaviest Build 37 | 10 31 37 Greatest Support 20 | 20 20 20 Greatest Overweight (x) 10 | . 1 10 Average Overweight (x) . | . . 1 Largest Inventory Capacity 15 | 8 15 15 Average Capacity 11 | 7 9 15 Most Carried 10 | 3 8 10 Average Carried 5 | 2 6 7 Final Capacity 15 | 8 15 15 Final Carried 7 | 3 7 6 Class Distribution -------------------- 100% | Mutant Dominant Class ---------------- Mutant | -10/Materials Mutant | -9/Materials Resources | -11 -10 -9 ----------- Run | Yrd Mat Mat Matter Collected 888 | 233 265 390 Remotely . | . . . Salvage Created 618 | . 102 516 Parts 60 | . 13 47 Haulers Intercepted 1 | . . 1 Recyclers Shooed 3 | . 1 2 Parts Field Recycled . | . . . Retrieved Matter . | . . . Parts Self-Destructed . | . . . Prevented . | . . . Kills | -11 -10 -9 ------- Run | Yrd Mat Mat Combat Hostiles Destroyed 28 | . 6 22 Guns 2 | . . 2 AOE 26 | . 6 20 Classes Destroyed 9 | . 5 4 Worker 3 | . 1 2 Builder 6 | . 1 5 Hauler 1 | . . 1 Recycler 1 | . . 1 Watcher 2 | . 2 . Swarmer 13 | . 3 10 Grunt 11 | . 3 8 Brawler 1 | . . 1 Sentry 3 | . . 3 Best Kill Streak 11 | . 5 11 Combat Bots Only 9 | . 3 9 Max Kills in Single Turn 4 | . 2 4 Gunslinging . | . . . Exploded 3 | . 2 3 Melee . | . . . Uniques/NPCs Destroyed . | . . . Combat | -11 -10 -9 -------- Run | Yrd Mat Mat Hostile Shots Fired 148 | . 8 140 Missed 44 | . 5 39 Hits 104 | . 3 101 Projectile 104 | . 3 101 Critical Strikes 1 | . . 1 Damage Taken 1460 | . 95 1365 Core 431 | . 23 408 Absorbed by Shields . | . . . Redirected to Shielding 51 | . . 51 Core Remaining (%) 95 | 100 90 . Volleys Fired 40 | . 6 34 Largest 2 | . 2 2 Hottest 80 | . 60 80 Shots Fired 70 | . 12 58 Gun 16 | . . 16 Cannon . | . . . Launcher 54 | . 12 42 Special . | . . . Kinetic . | . . . Thermal 13 | . . 13 Explosive 54 | . 12 42 Electromagnetic 3 | . . 3 Robot Hit Streak 13 | . 3 13 Robot Miss Streak 2 | . 1 2 Penetration Max . | . . . Secondary Targets . | . . . Shots Hit Robots 35 | . 4 31 Core Hits 82 | . 24 58 Critical Kills . | . . . Critical Parts Destroyed . | . . . Critical Strikes . | . . . Melee Attacks 5 | . . 5 Impact 5 | . . 5 Slashing . | . . . Piercing . | . . . Sneak Attacks . | . . . Combat Hostiles . | . . . Follow-up Attacks . | . . . Damage Inflicted 2513 | . 518 1995 Guns 114 | . . 114 Cannons . | . . . Explosions 2259 | . 518 1741 Melee 127 | . . 127 Ramming 13 | . . 13 Kinetic . | . . . Thermal 98 | . . 98 Explosive 2259 | . 518 1741 Electromagnetic 16 | . . 16 Impact 127 | . . 127 Slashing . | . . . Piercing . | . . . Highest Corruption . | . . . Average Corruption . | . . . Corruption Purged . | . . . Corruption Blocked . | . . . Overload Shots . | . . . Overflow Damage 29 | . . 29 Projectiles . | . . . Explosions 29 | . . 29 Melee . | . . . Knockbacks 1 | . . 1 Impact 1 | . . 1 Kinetic . | . . . Secondary . | . . . Self-Inflicted Damage 137 | . 67 70 Shots 5 | . 3 2 Rammed 3 | . . 3 Targets Rammed 3 | . . 3 Kicked . | . . . Crushed . | . . . Highest Temperature 111 | . 6 111 Average Temperature 36 | . 6 37 Received Heat Transfer 462 | . 12 450 Siege Activations . | . . . Martial Activations . | . . . Shielding Activations . | . . . Robots Disrupted . | . . . Combat Hostiles . | . . . Robots Corrupted . | . . . Combat Hostiles . | . . . Parts Fried . | . . . Impact Corruptions . | . . . Robots Melted . | . . . Combat Hostiles . | . . . Parts Melted . | . . . Heat Transferred 225 | . . 225 Parts Sabotaged . | . . . Parts Stolen . | . . . Parts Stripped . | . . . Power Chain Reactions . | . . . Alert | -11 -10 -9 ------- Run | Yrd Mat Mat Maximum Alert Level 2 | . . 2 Low Security (%) 77 | 100 100 43 Level 1 11 | . . 28 Level 2 11 | . . 27 Level 3 . | . . . Level 4 . | . . . Level 5 . | . . . High Security . | . . . Max Security . | . . . Peak Influence 607 | . 161 607 Initial 63 | . . 63 Average 118 | . 29 276 Influence Increases 1041 | . 201 840 Destroy 0b10 Robot/C 560 | . 120 440 Destroy 0b10 Robot/NC 65 | . 20 45 Destroy Leader 126 | . 24 102 Trap Triggered on 0b10 20 | . . 20 Disable Machine 75 | . . 75 Destroy Structure 180 | . 37 143 Lose Combat Pursuer 15 | . . 15 Influence Decreases 530 | . 50 480 Entered New Map 88 | . . 88 Time Decay 312 | . 50 262 Lost Part 130 | . . 130 Squads Dispatched 5 | . 1 4 Investigation 2 | . 1 1 Extermination . | . . . Reinforcement 3 | . . 3 Assault . | . . . Garrison . | . . . Intercept . | . . . Searches Triggered . | . . . Construction Impeded 2 | . . 2 Haulers Reinforced . | . . . Active Scanning Responses . | . . . Cargo Convoy Interrupts . | . . . Stealth | -11 -10 -9 --------- Run | Yrd Mat Mat Distress Signals 5 | . 2 3 Communications Jammed . | . . . Distress Signals . | . . . Times Spotted 40 | . 8 32 Peak Tracking Total 7 | . 4 7 Tactical Retreats 1 | . . 1 Traps | -11 -10 -9 ------- Run | Yrd Mat Mat Traps Triggered 1 | . . 1 Indirectly . | . . . Trap Hack Attempts . | . . . Triggered . | . . . Disarmed . | . . . Reprogrammed 3 | . . 3 Reused 2 | . . 2 Traps Extracted . | . . . Installed . | . . . Triggered 2 | . . 2 Machines | -11 -10 -9 ---------- Run | Yrd Mat Mat Machines Disabled 5 | . . 5 Max in Single Turn 2 | . . 2 Machines Repaired . | . . . Machines Dismantled . | . . . Machines Sabotaged . | . . . Overloaded Fab Kills . | . . . Hacking | -11 -10 -9 --------- Run | Yrd Mat Mat Machines Accessed 3 | . 2 1 Terminals 3 | . 2 1 Fabricators . | . . . Repair Stations . | . . . Recycling Units . | . . . Scanalyzers . | . . . Garrison Access . | . . . Total Hacks 7 | . 5 2 Successful 1 | . . 1 Failed 6 | . 5 1 Catastrophic 3 | . 3 . Database Lockouts . | . . . Manual 3 | . 3 . Terminals 7 | . 5 2 Fabricators . | . . . Repair Stations . | . . . Recycling Units . | . . . Scanalyzers . | . . . Garrison Access . | . . . Terminal Hacks 1 | . . 1 Reprogram Traps 1 | . . 1 Fabricator Hacks . | . . . Repair Station Hacks . | . . . Recycling Unit Hacks . | . . . Scanalyzer . | . . . Garrison Access Hacks . | . . . Unauthorized Hacks . | . . . Terminals . | . . . Fabricators . | . . . Repair Stations . | . . . Recycling Units . | . . . Scanalyzers . | . . . Garrison Access . | . . . Data Cores Recovered . | . . . Used . | . . . Hacking Detections 3 | . 2 1 Full Trace Events 2 | . 2 . Feedback Events . | . . . Feedback Blocked . | . . . Robot Schematics Acquired . | . . . Robots Built . | . . . Authchips . | . . . Time . | . . . Total Robot Build Rating . | . . . Part Schematics Acquired . | . . . Parts Built . | . . . Authchips . | . . . Time . | . . . Total Part Build Rating . | . . . Parts Repaired . | . . . Time . | . . . Parts Recycled . | . . . Recycled Matter . | . . . Retrieved Matter . | . . . Retrieved Components . | . . . Parts Scanalyzed . | . . . Part Schematics Acquired . | . . . Parts Damaged . | . . . Bothacking | -11 -10 -9 ------------ Run | Yrd Mat Mat Used RIF Installer . | . . . Robots Hacked . | . . . Non-combat . | . . . Combat . | . . . Robot Hacks Applied . | . . . Relay Couplers Released . | . . . Fabnet Peak Effective % . | . . . Robots Rewired . | . . . Allies Hacked . | . . . Hacks Repelled . | . . . Allies | -11 -10 -9 -------- Run | Yrd Mat Mat Total Allies . | . . . Largest Group . | . . . Highest-Rated Group . | . . . Highest-Rated Ally . | . . . Total Orders . | . . . Ally Attacks . | . . . Total Damage . | . . . Kills . | . . . Allies Corrupted . | . . . Allies Melted . | . . . Intel | -11 -10 -9 ------- Run | Yrd Mat Mat Active Infowar (turns) 532 | . 277 255 ECM 532 | . 277 255 Robot Analysis Total . | . . . Derelict Logs Recovered . | . . . Drone Launches . | . . . Drone Recoveries . | . . . Exploration | -11 -10 -9 ------------- Run | Yrd Mat Mat Turns Passed 1378 | 522 295 561 Spaces Moved 822 | 121 316 385 Core 17 | 11 . 6 Treads 17 | . . 17 Legs . | . . . Wheels 788 | 110 316 362 Hover . | . . . Flight . | . . . Fastest Speed 50 | 50 80 95 Average Speed 93 | 77 83 107 Slowest Speed 550 | 80 95 550 Overloaded Moves . | . . . Propulsion Burnouts . | . . . Robots Hopped . | . . . Potential Cave-ins 2 | . . 2 Cave-ins Triggered . | . . . Exploration Rate (%) 24 | 9 40 24 Regions Visited 2 Branch Regions . Pre-discovered Areas . | . . . Known Exits Taken . | . . . Unknown Exits Taken 2 | 1 1 . Scrap Searched . | . . . Spaces Dug . | . . . Terrain Destroyed 222 | . 35 187 Melee . | . . . Projectile . | . . . AOE 222 | . 35 187 Terrain Rammed . | . . . Walls Destroyed . | . . . Machines Disabled . | . . . Actions | -11 -10 -9 --------- Run | Yrd Mat Mat Total 1341 | 546 335 460 Wait 426 | 417 . 9 Move 820 | 120 315 385 Hop . | . . . Pick Up 19 | 3 7 9 Fast Attach 9 | 6 1 2 Attach 11 | . . 11 Detach 1 | . . 1 Swap 4 | . 3 1 Drop 3 | . 3 . Fire 40 | . 6 34 Melee 5 | . . 5 Ram 1 | . . 1 Kick . | . . . Crush 2 | . . 2 Escape Stasis . | . . . Rewire . | . . . Trap . | . . . Miscellaneous . | . . . Route ------- -11/Scrapyard -10/Materials -9/Materials (discovered 1 exit: [*Mat]) History --------- Turn | Location | Event 17 | -11/Scrapyard | Discovered new exit (range 16) 523 | -11/Scrapyard | Entered Materials 524 | -10/Materials | Build established: Mutant 738 | -10/Materials | Discovered new exit (range 10) 818 | -10/Materials | Entered another Materials area 818 | -9/Materials | Evolved 2 slots: Utility x2 1116 | -9/Materials | Discovered new exit (range 5) 1275 | -9/Materials | Destroyed 9 combat bots 1286 | -9/Materials | Core integrity fell below 50% 1327 | -9/Materials | Lost 9 parts (1p2n2u4w) 1361 | -9/Materials | Core integrity fell below 20% 1379 | -9/Materials | Destroyed by Y-45 Defender with Heavy Assault Rifle Last Messages --------------- 01300_ U-05 Engineer lays Concrete. 01300_ R-06 Scavenger collects Transport Network Coupler. 01301_ U-05 Engineer lays Concrete. 01302_ U-05 Engineer builds a Door. 01303_ R-06 Scavenger collects Aluminum Leg. 01304_ U-05 Engineer lays Concrete. 01305_ Slammed into U-05 Engineer. 01306_ U-05 Engineer lays Concrete. 01307_ The unstable cave ceiling collapses. 01307_ U-05 Engineer lays Concrete. 01314_ Slammed into U-05 Engineer. 01315_ ALERT: Construction progress impeded, dispatching reinforcements to local area. 01324_ Slammed into W-16 Scout. 01334_ W-16 Scout sends out distress signal. 01347_ Acquired Great Maul. 01362_ G-34 Mercenary knocked back. 01370_ G-34 Mercenary destroyed. 01370_ Lgt. Treads destroyed. Map ----- +----------------------------------------------------+ | ???????????# ???????? """ ??# | | ???????????# ?????#### #### | | ??????????? ##### ## #### | | ??????????# | | ??????????# | | ??????????# | | ?????????????????#### ###### | | ???????????########### ## | | ???????????# # # | | ???????????# # ## | | ???????????# =! #### | | ???????????# ! *[ !# ## "" | | ???????????###### * # ## """ | | ????????????????## ## "" | | ?????????????????## # | | ?????????????????# %* # | | ?????????????????# | | ?????????????????+ | | ?????????????????# | | ?????????????????# ###### | | ?????????????????# #??????# | | ?????????????????# #??????? # | | ?????????????##### #???????? # | | ?????######### #????????? # | | ????##!gY //## < #??????????# | | ????# !*@ ## #??????????? | | ?#### % #####+#####?????????? | | ## ##! #### #?????????? | | # ## ## #??# #????? ???? | | ## ##?# #????+ ???? | | # # #### #??? #????? | | ### # # + #?? #????? | | # # #### """"" #? #????? | | # # #### """"" #????? | | # # # ## """"" #????? | | # # ## ##### ##### ## ###? | | # # % !% % | | # " *# * | ! | | # " + | | # "" " ?? | | # =## %# ## " ?? | | # """ ###+### " " ??? | | # """ #? ??? | | # """ # """ " ?? | | # # "Y" + ?? | | ######## # ##########?? | | ???????########### #??????????? | | ?????????????????? #??????????? | | ?????????????????? #??????????? | | ?????????????????? ??????????? | +----------------------------------------------------+ Best States ------------- Heat Dissipation 28 Energy Generation 14 Energy Capacity 275 Matter Stores 300 Matter Capacity 500 Sight Range 16 Terrain Scan Density 85 ECM Strength 1 Weapon Shielding 33 Evasion (%) 44 Targeting Accuracy 5 Recoil Reduction 1 Item Schematics ----------------- None Robot Schematics ------------------ None Fabricated ------------ Nothing Repaired ---------- Nothing Alien Tech Used ----------------- None Achievements -------------- Loot Pinata Remodeling Challenges ------------ None Game ------ Seed ShieldHugeTriangulator Manual? 0 Play Time 00:18:00 Cumulative 1.5 hours Start 2025.08.25 @ 15:20:00 End 2025.08.25 @ 15:36:07 Sessions 1 Manual Loads 0 Difficulty Rogue Special Mode None Game No. 4 Rogue 4 Adventurer 0 Explorer 0 Win Type - Total 0 Types 0/0/0/0/0/0/0/0/0/0 Lore% 0 Gallery% 3 Achievement% 4 Wizard Run 0 Options --------- Layout 1 ASCII 0 Keyboard 0 Movement Vi Keybinds 0 Fullscreen 1 Font 32/SmallcapsGlow Map View 50x35 Zoom Use 0% Tactical HUD 1 Map Filters NONE Filters NONE Steam 1 RUN: c47b814e-1d59-40b3-9e84-848185cf11c9